 Dungeon Crawl Stone Soup version 0.32-a0-17-gb74e046682 (webtiles) character file.

Game seed: 2649092600275551395

35 oldriver the Digger (level 3, -2/26 HPs)
             Began as a Demonspawn Earth Elementalist on Jan 15, 2024.
             Succumbed to a goblin's poison
             ... on level 2 of the Dungeon.
             The game lasted 00:02:05 (1199 turns).

oldriver the Digger (Demonspawn Earth Elementalist) Turns: 1199, Time: 00:02:06

Health: -2/26      AC:  8    Str:  8    XL:     3   Next: 17%
Magic:  2/6        EV: 12    Int: 17    God:
Gold:   65         SH:  0    Dex: 13    Spells: 6/7 levels left

rFire   . . .        (no weapon)
rCold   + . .        (no shield)
rNeg    . . .        f - +0 steam dragon scales
rPois   .            (no helmet)
rElec   .            i - +0 cloak
rCorr   .            (no gloves)
SInv    .            (no boots)
Will    .....        (no amulet)
Stlth   ++           g - ring of protection from cold
HPRegen 0.24/turn    (no ring)
MPRegen 0.10/turn

%: no passive effects
@: mighty, lethally poisoned (-2 -> -19), very slightly contaminated, hasted,
invisible, very quick
A: thin metallic scales 1, demonic touch 1
a: no special abilities


You were on level 2 of the Dungeon.
You visited 1 branch of the dungeon, and saw 2 of its levels.

You collected 65 gold pieces.

Inventory:

Armour
 f - +0 steam dragon scales (worn)
 i - a +0 cloak (worn)
Jewellery
 g - a ring of protection from cold (left hand)
Potions
 b - a potion of magic
 d - a potion of invisibility
 k - a potion of resistance {unknown}


   Skills:
 + Level 1.1 Fighting
 - Level 1.7 Dodging
 - Level 1.7 Stealth
 * Level 2.6 Spellcasting
 + Level 1.5 Conjurations
 + Level 3.0 Earth Magic


You had 6 spell levels left.
You knew the following spells:

 Your Spells              Type           Power      Damage    Failure   Level
a - Sandblast             Erth           24%        2d8       5%          1

Your spell library contained the following spells:

 Spells                   Type           Power      Damage    Failure   Level
 Passwall                 Erth           12%        N/A       16%         3
 Stone Arrow              Conj/Erth      20%        3d8       22%         3
 Brom's Barrelling Bould  Conj/Erth      10%        2d3       56%         4
 Petrify                  Alch/Erth      7%         N/A       69%         4


Dungeon Overview and Level Annotations

Branches:
Dungeon (2/15)

Altars:

Annotations:
D:2 Robin


Innate Abilities, Weirdness & Mutations

You are partially covered in thin metallic scales. (AC +2)
Your touch may inflict minor irresistible damage on your foes.


Message History

It was a potion of might.
You feel very mighty all of a sudden.
You feel sick.
The goblin hits you with a +1 dagger of venom.
You are lethally poisoned!
The goblin barely misses you. The rat completely misses you.
The goblin barely misses you. The goblin closely misses you.
Casting: Sandblast (safe; 5% risk of failure)
Confirm with . or Enter, or press ? or * to list all spells.
Aiming: Sandblast (safe; 5% risk of failure)
Press: ? - help, Shift-Dir - straight line, f/p - goblin
Aim: a goblin, wielding a +3 dagger (black smoke, unable to see you, 77% to hit)
Okay, then.
Casting: Sandblast (safe; 5% risk of failure)
Confirm with . or Enter, or press ? or * to list all spells.
Aiming: Sandblast (safe; 5% risk of failure)
Press: ? - help, Shift-Dir - straight line, f/p - goblin
Aim: a goblin, wielding a +3 dagger (black smoke, unable to see you, 77% to hit)
You miscast Sandblast.
Nothing appears to happen.
You feel very sick.
Unknown command.
Casting: Sandblast (safe; 5% risk of failure)
Confirm with . or Enter, or press ? or * to list all spells.
Aiming: Sandblast (safe; 5% risk of failure)
Press: ? - help, Shift-Dir - straight line, f/p - goblin
Aim: a goblin, wielding a +3 dagger (black smoke, unable to see you, 77% to hit)
The blast of sand hits the goblin.
You kill the goblin!
* * * LOW HITPOINT WARNING * * *
You feel very sick. The goblin closely misses you.
The goblin hits you with a +1 dagger of venom.
* * * LOW HITPOINT WARNING * * *
You are more poisoned.
The goblin closely misses you. The rat barely misses you.
* * * LOW HITPOINT WARNING * * *
You feel very sick.
Things that are here:
a +3 dagger; a +0 sling; a goblin corpse You die...

#........ #........
... g........ ..#
#.gg..... ###.#
#§§...... #. ...#
#g§§..... . ###..#
#r§§..... #.
#....####gg#
######..
##...#.@§g## .....
#.##......####
####..#....#.#### #
#...[....######
##########.........
................###
..#######...###...#
#.# ####.### ##)#
#.####....# #


You could see 2 goblins.

Vanquished Creatures
  2 dart slugs
  3 ball pythons (D:1)
  5 giant cockroaches (D:1)
  6 goblins
  3 jackals (D:1)
  2 bats (D:1)
  3 kobolds
  3 rats (D:1)
27 creatures vanquished.

Notes
Turn   | Place    | Note
-------+----------+-------------------------------------------
     0 | D:1      | oldriver the Demonspawn Earth Elementalist began the quest
                  | for the Orb.
     0 | D:1      | Reached XP level 1. HP: 13/13 MP: 3/3
     2 | D:1      | Noticed an oni
     4 | D:1      | Noticed an octopode
     4 | D:1      | Noticed a minotaur
     6 | D:1      | Noticed a naga
     6 | D:1      | Noticed a troll
     8 | D:1      | Noticed a human
     8 | D:1      | Noticed a barachi
    10 | D:1      | Noticed a demigod
    10 | D:1      | Noticed a gargoyle
    12 | D:1      | Noticed a tengu
    12 | D:1      | Noticed a djinni
    14 | D:1      | Noticed a demonspawn
    14 | D:1      | Noticed a draconian
    16 | D:1      | Noticed a spriggan
    18 | D:1      | Noticed an armataur
    18 | D:1      | Noticed an elf
    20 | D:1      | Noticed a vampire
    20 | D:1      | Noticed a merfolk
    22 | D:1      | Noticed a formicid
    24 | D:1      | Noticed a ghoul
    26 | D:1      | Noticed a felid
    26 | D:1      | Noticed a vine stalker
   295 | D:1      | Gained mutation: Your touch may inflict minor irresistible
                  | damage on your foes. [demonic ancestry]
   295 | D:1      | Reached XP level 2. HP: 17/20 MP: 0/5
   846 | D:1      | Reached skill level 1 in Fighting
   942 | D:2      | Gained mutation: You are partially covered in thin metallic
                  | scales. (AC +2) [demonic ancestry]
   942 | D:2      | Reached XP level 3. HP: 25/26 MP: 0/6
  1093 | D:2      | Reached skill level 3 in Earth Magic
  1182 | D:2      | Noticed Robin
  1198 | D:2      | HP: 1/26 [poisoned by a goblin]
  1199 | D:2      | Succumbed to a goblin's poison

Illustrated notes

Levels and vault maps discovered:
D:1:      kb_arrival_jail, layout_basic
D:2:      layout_rooms, minmay_worlds_worst_comb, uniq_robin

Skill      XL: |  1  2  3 |
---------------+----------+-----
Fighting       | 1 |  1.1
Earth Magic    | 3 |  3.0
Dodging        | |  1.7
Stealth        | |  1.7
Spellcasting   | |  2.6
Conjurations   | |  1.5

Action                     || total
---------------------------++-------
  Melee: Unarmed           ||    66
         Touch             ||     6
         Punch             ||     1
   Cast: Sandblast         ||    47
    Use: Potion            ||     5
         Scroll            ||     3
 Armour: Steam dragon scal ||    86
         Robe              ||    10
  Dodge: Dodged            ||   127

Table legend: (Time is in decaauts)
 A = Elapsed time spent in this place.
 B = Non-inter-level travel time spent in this place.
 C = Inter-level travel time spent in this place.
 D = Time resting spent in this place.
 E = Time spent auto-exploring this place.
 F = Levels seen in this place.
 G = Mean time per level.
                   A        B        C        D        E       F      G
               +--------+--------+--------+--------+--------+-----+--------+
         Total |   1220 |   1192 |     28 |      0 |    865 |   2 |  610.0 |
       Dungeon |   1220 |   1192 |     28 |      0 |    865 |   2 |  610.0 |
               +--------+--------+--------+--------+--------+-----+--------+

Top non-repeatable levels by time:
     D:1: 948 daAuts
     D:2: 272 daAuts
